AoeStats
← Salamander

Arena

509304493Analyzed
4v4 RM · 5d ago on Sep 26, 2026· 45m 22s· 8 players
Game mode
Random Map
Map size
Large (8 player)
Population
200
Speed
Normal
Resources
Standard
Victory
Conquest
Starting age
Dark Age
Ending age
Imperial Age
RankedLock teamsTeams togetherTeam positionsShared explorationLock speedFull tech treeHidden civsTurbo modeCheats
Victory
Defeat
🇨🇳 Mongols · China
1205
+17
🇨🇳 Italians · China
1165
+18
🇮🇳 Hindustanis · India
1161
+19
🇭🇰 Khmer · Hong Kong SAR China
1017
+23
🇦🇷 Inca · Argentina
1237
-20
🇮🇳 Saxons · India
1232
-20
🇹🇷 Persians · Türkiye
1208
-19
🇩🇪 Cumans · Germany
1181
-18
Bondulkar
10:35 Feudal Age
12:57 Loom
15:42 Castle Age
13:59 Double-Bit Axe
14:28 Horse Collar
15:56 Wheelbarrow
16:39 Bow Saw
16:36 Heavy Plow
23:52 Hand Cart
24:24 Town Watch
26:16 Fletching
26:28 Padded Archer Armor
26:25 Gold Mining
29:36 Imperial Age
28:26 Bodkin Arrow
28:48 Leather Archer Armor
29:01 Ballistics
31:39 Chemistry
30:44 Shatagni
31:06 Conscription
31:24 Ring Archer Armor
31:32 Bracer
32:18 Thumb Ring
34:05 Scale Mail Armor
34:16 Forging
35:19 Chain Mail Armor
35:22 Stone Mining
35:27 Elite Ghulam
37:11 Scale Barding Armor
37:45 Iron Casting
38:32 Chain Barding Armor
39:27 Bloodlines
39:17 Husbandry
39:10 Light Cavalry
40:06 Hussar
44:32 Plate Barding Armor
44:59 Blast Furnace
asbt5678
10:05 Feudal Age
13:35 Castle Age
11:31 Double-Bit Axe
12:04 Horse Collar
21:00 Bow Saw
22:14 Sanctity
23:26 Gold Mining
26:40 Imperial Age
25:03 Wheelbarrow
24:16 Loom
25:09 Heavy Plow
27:16 Hand Cart
26:57 Stone Mining
27:43 Block Printing
28:06 Theocracy
29:40 Chemistry
29:08 Padded Archer Armor
29:09 Town Watch
29:55 Conscription
30:37 Leather Archer Armor
30:40 Pirotechnia
32:12 Scale Mail Armor
32:43 Ring Archer Armor
32:23 Forging
33:48 Fletching
35:19 Scale Barding Armor
35:50 Iron Casting
36:29 Husbandry
36:40 Bloodlines
35:50 Light Cavalry
36:54 Bodkin Arrow
37:20 Chain Barding Armor
38:10 Crop Rotation
39:56 Blast Furnace
39:33 Plate Barding Armor
40:26 Capped Ram
41:42 Silk Road
41:10 Hussar
43:25 Two-Man Saw
42:52 Bracer
43:23 Masonry
43:27 Fortified Wall
慈溪牛牛
11:21 Feudal Age
9:37 Loom
16:11 Castle Age
15:56 Wheelbarrow
15:53 Man-at-Arms
18:20 Long Swordsman
21:04 Forging
25:33 Pikeman
27:37 Scale Mail Armor
28:34 Hand Cart
28:28 Double-Bit Axe
33:18 Imperial Age
31:04 Bow Saw
31:35 Fletching
31:47 Padded Archer Armor
31:32 Horse Collar
31:49 Gold Mining
31:49 Stone Mining
32:03 Murder Holes
33:28 Elite Ballista Elephant
33:34 Elite Ballista Elephant
35:22 Chemistry
35:57 Conscription
38:52 Gold Shaft Mining
38:52 Stone Shaft Mining
38:59 Stone Shaft Mining
39:08 Bodkin Arrow
39:28 Leather Archer Armor
39:16 Tusk Swords
41:43 Double Crossbow
42:05 Bloodlines
42:14 Light Cavalry
慈溪大头
10:03 Feudal Age
14:47 Castle Age
12:50 Double-Bit Axe
12:56 Horse Collar
16:01 Bow Saw
15:57 Heavy Plow
18:45 Loom
23:21 Gold Mining
24:09 Wheelbarrow
23:57 Stone Mining
25:33 Stone Shaft Mining
25:37 Hand Cart
26:58 Gold Shaft Mining
26:54 Ballistics
30:01 Imperial Age
27:50 Fletching
28:13 Padded Archer Armor
28:55 Bloodlines
28:46 Husbandry
28:54 Bodkin Arrow
29:41 Leather Archer Armor
30:09 Elite Mangudai
31:10 Conscription
32:17 Chemistry
31:59 Parthian Tactics
33:29 Siege Engineers
33:28 Bracer
36:20 Scale Barding Armor
36:26 Forging
35:54 Light Cavalry
36:59 Heavy Camel Rider
38:22 Chain Barding Armor
38:38 Iron Casting
39:00 Hussar
41:25 Blast Furnace
40:39 Masonry
40:41 Nomads
41:02 Drill
41:16 Capped Ram
42:49 Siege Ram
Salamander
10:56 Feudal Age
14:52 Castle Age
12:47 Double-Bit Axe
12:49 Horse Collar
16:01 Bow Saw
16:22 Heavy Plow
16:29 Stone Mining
17:14 Loom
20:22 Gold Mining
21:19 Town Watch
24:42 Gold Shaft Mining
25:29 Wheelbarrow
29:08 Imperial Age
27:19 Fletching
27:52 Ballistics
27:44 Fortified Wall
28:10 Bodkin Arrow
28:35 Hand Cart
28:40 Padded Archer Armor
28:23 Treadmill Crane
29:51 Bracer
30:55 Chemistry
29:15 Crossbowman
30:16 Thumb Ring
31:23 Two-Man Saw
30:44 Leather Archer Armor
30:36 Arbalester
31:24 Devotion
31:38 Masonry
32:38 Ring Archer Armor
32:10 Scale Mail Armor
31:31 Capped Ram
32:12 Elite Skirmisher
32:54 Siege Ram
34:01 Siege Engineers
33:59 Scale Mail Armor
34:09 Forging
33:56 Murder Holes
34:54 Squires
34:39 Arson
34:41 Gambesons
35:22 Conscription
34:25 Clerical Recruitment
35:57 Chain Mail Armor
36:18 Iron Casting
37:46 Plate Mail Armor
37:32 Scale Barding Armor
38:01 Architecture
37:42 Bloodlines
37:15 Pikeman
37:15 Man-at-Arms
38:14 Guilds
38:04 Caravan
38:10 Onager
39:13 Sanctity
39:09 Block Printing
38:49 Arrowslits
38:55 Guard Tower
40:21 Chain Barding Armor
39:24 Light Cavalry
40:04 Husbandry
41:10 Hoardings
40:31 Hussar
elgalle02
10:46 Feudal Age
14:55 Castle Age
12:59 Double-Bit Axe
14:25 Horse Collar
14:59 Gold Mining
22:05 Wheelbarrow
22:51 Bow Saw
23:20 Gold Shaft Mining
24:02 Heavy Plow
24:23 Hand Cart
25:21 Squires
24:43 Pikeman
25:54 Town Watch
29:11 Imperial Age
26:58 Scale Mail Armor
27:11 Forging
26:41 Champi Runner
28:28 Chain Mail Armor
28:03 Champi Warrior
30:07 Iron Casting
29:26 Elite Champi Warrior
31:02 Plate Mail Armor
31:14 Crop Rotation
35:52 Blast Furnace
34:42 Fletching
34:53 Padded Archer Armor
35:15 Elite Skirmisher
36:01 Thumb Ring
37:02 Bodkin Arrow
39:20 Halberdier
uli2099
5:22 Loom
9:56 Feudal Age
12:34 Double-Bit Axe
12:32 Horse Collar
17:51 Wheelbarrow
22:39 Castle Age
24:09 Bow Saw
24:02 Heavy Plow
25:23 Hand Cart
26:00 Gold Mining
28:03 Scale Barding Armor
28:09 Forging
30:55 Imperial Age
29:23 Bloodlines
30:30 Chain Barding Armor
31:18 Gold Shaft Mining
30:34 Stone Mining
32:19 Iron Casting
31:37 Cavalier
33:12 Crop Rotation
34:11 Plate Barding Armor
33:10 Elite Skirmisher
33:45 Fletching
33:56 Paladin
38:14 Chemistry
37:35 Ballistics
emre_gul19
6:08 Loom
8:26 Feudal Age
9:45 Wheelbarrow
8:56 Double-Bit Axe
17:04 Castle Age
14:58 Stone Mining
17:49 Bow Saw
17:34 Horse Collar
18:52 Heavy Plow
24:41 Gold Mining
25:43 Hand Cart
25:54 Town Watch
26:07 Fletching
27:15 Gold Shaft Mining
28:09 Padded Archer Armor
28:14 Scale Barding Armor
29:01 Forging
31:37 Imperial Age
29:36 Thumb Ring
29:54 Husbandry
30:05 Bloodlines
30:13 Leather Archer Armor
30:52 Kamandaran
30:58 Crossbowman
31:52 Town Patrol
32:18 Ballistics
32:20 Chain Barding Armor
32:31 Bodkin Arrow
33:07 Crop Rotation
33:39 Two-Man Saw
33:49 Chemistry
33:49 Conscription
32:52 Crossbowman
34:26 Plate Barding Armor
34:26 Iron Casting
35:39 Ring Archer Armor
37:39 Blast Furnace
38:54 Light Cavalry
39:48 Hussar
Connection lost

Rejoining the realm…

Still unreachable

The connection could not be restored.

Session expired

The server has moved on; the page needs a fresh start.